[Event "ICC tourney 2754 (45 5)"]
[Site "Internet Chess Club"]
[Date "2021.12.04"]
[Round "4"]
[White "Bian, Erin:funpawn"]
[Black "HO, COOPER:arsenicblast"]
[Result "0-1"]
[ICCResult "White forfeits on time"]
[WhiteElo "1802"]
[BlackElo "1852"]
[Opening "Sicilian defense"]
[ECO "B33"]
[NIC "SI.34"]
[Time "17:45:21"]
[PlyCount "130"]
[TimeControl "2700+5"]

1. e4 c5 2. Nf3 Nc6 3. d4 cxd4 4. Nxd4 Nf6 5. Nc3 e6 6. Nxc6 bxc6 7. e5 Nd5
8. Ne4 Qc7 9. f4 Qb6 10. c4 Bb4+ 11. Ke2 f5 12. Nf2 Nc7 13. Be3 Bc5 14. Bxc5
Qxc5 15. Kf3 O-O 16. Qd6 Qb6 17. Nd3 Ba6 18. b3 Ne8 19. Qc5 Qc7 20. Nb4 Bb7
21. Rd1 a5 22. Nc2 Rd8 23. Rd6 Nxd6 24. exd6 Qb8 25. Kf2 Rde8 26. Qe5 c5 27.
Qxc5 Rc8 28. Qxa5 Qxd6 29. Ke3 Ra8 30. Qb4 Qc6 31. c5 Rxa2 32. Na3 Qd5 33.
Nb5 Rb2 34. Qd4 Qxb3+ 35. Qc3 Qxc3+ 36. Nxc3 Bxg2 37. Bxg2 Rxg2 38. Rd1 Rf7
39. Nb5 g5 40. Nd6 gxf4+ 41. Kf3 Rfg7 42. Ne8 R7g6 43. Nf6+ Rxf6 44. Kxg2
Rf7 45. Kf3 e5 46. Rd5 Re7 47. h4 Kg7 48. Rd6 Kf7 49. Rh6 Ke8 50. Rf6 Rf7
51. Rd6 Kd8 52. Rd5 e4+ 53. Kxf4 Kc7 54. Rd6 Re7 55. Ke3 f4+ 56. Ke2 e3 57.
Rf6 Re4 58. h5 Rc4 59. Kd3 Rxc5 60. Rxf4 Re5 61. Ke2 Re7 62. h6 d5 63. Rg4
Kd6 64. Rg7 d4 65. Kd3 Re6 {White forfeits on time} 0-1

[Event "ICC tourney 2754 (45 5)"]
[Site "Internet Chess Club"]
[Date "2021.12.04"]
[Round "5"]
[White "TAO, SIHAN:K06-16931716"]
[Black "BAGCHI, SOUNAK:Chesssaga"]
[Result "1/2-1/2"]
[ICCResult "Game drawn by repetition"]
[WhiteElo "1781"]
[BlackElo "1876"]
[Opening "Sicilian: accelerated fianchetto, Maróczy bind"]
[ECO "B36"]
[NIC "SI.33"]
[Time "20:00:28"]
[PlyCount "71"]
[TimeControl "2700+5"]

1. e4 c5 2. Nf3 g6 3. d4 cxd4 4. Nxd4 Nc6 5. c4 Nf6 6. Nc3 d6 7. Be3 Bg7 8.
Be2 O-O 9. O-O Bd7 10. b3 Nxd4 11. Bxd4 Bc6 12. Nd5 Bxd5 13. exd5 Nd7 14.
Rc1 Bxd4 15. Qxd4 Qb6 16. Qxb6 Nxb6 17. c5 dxc5 18. Rxc5 Rac8 19. Rfc1 Rxc5
20. Rxc5 Rc8 21. Rxc8+ Nxc8 22. Kf1 Kg7 23. f4 Kf6 24. Kf2 Nd6 25. Ke3 h6
26. Bd3 b6 27. g3 h5 28. h4 Kg7 29. b4 Kf6 30. a3 Kg7 31. Kd4 Kf6 32. a4 Ne8
33. Bb5 Nd6 34. Bd3 Nc8 35. Ba6 Nd6 36. Bd3 {Game drawn by repetition}
1/2-1/2

[Event "ICC tourney 2754 (45 5)"]
[Site "Internet Chess Club"]
[Date "2021.12.04"]
[Round "5"]
[White "MARKOVIC, GORAN:Goran21"]
[Black "CHAMPSI, IMRAN:imranchamp"]
[Result "1-0"]
[ICCResult "Black checkmated"]
[WhiteElo "1989"]
[BlackElo "1728"]
[Opening "Sicilian defense"]
[ECO "B30"]
[NIC "SI.31"]
[Time "20:01:28"]
[PlyCount "59"]
[TimeControl "2700+5"]

1. e4 c5 2. Nf3 Nc6 3. d3 g6 4. g3 Bg7 5. Bg2 d6 6. O-O Nf6 7. Nc3 O-O 8.
Nh4 e6 9. f4 d5 10. e5 Nd7 11. Ne2 Nb6 12. c3 c4 13. d4 Nd7 14. Qe1 b5 15.
g4 f5 16. exf6 Bxf6 17. g5 Bg7 18. f5 gxf5 19. Nf4 Nde5 20. dxe5 Nxe5 21.
Be3 Qd6 22. Bd4 b4 23. Qe2 Nd3 24. Nxd3 Bxd4+ 25. cxd4 cxd3 26. Qh5 Qb6 27.
Rf4 e5 28. Bxd5+ Be6 29. g6 Bxd5 30. Qxh7# {Black checkmated} 1-0

[Event "ICC tourney 2754 (45 5)"]
[Site "Internet Chess Club"]
[Date "2021.12.04"]
[Round "5"]
[White "SAMANT, NEIL:checkninja"]
[Black "NATHA, NIRAV:K05-15969775"]
[Result "1-0"]
[ICCResult "Black resigns"]
[WhiteElo "1905"]
[BlackElo "1477"]
[Opening "Pirc: Austrian attack, 6.e5"]
[ECO "B09"]
[NIC "PU.06"]
[Time "20:00:17"]
[PlyCount "79"]
[TimeControl "2700+5"]

1. e4 d6 2. d4 Nf6 3. Nc3 g6 4. f4 Bg7 5. Nf3 O-O 6. e5 dxe5 7. fxe5 Nd5 8.
Bc4 Nxc3 9. bxc3 c5 10. O-O Nc6 11. Ba3 cxd4 12. cxd4 Bg4 13. c3 Rc8 14. Bb3
Qa5 15. Bb2 Qb6 16. Kh1 Na5 17. h3 Nxb3 18. axb3 Be6 19. c4 Bxc4 20. bxc4
Qxb2 21. Rb1 Qa2 22. Rxb7 Qxc4 23. Rxa7 e6 24. Ng5 Rcd8 25. Qf3 Qxd4 26.
Rxf7 Qd5 27. Qxd5 exd5 28. e6 Rde8 29. Rxf8+ Rxf8 30. Nf7 Re8 31. Re1 d4 32.
Nd6 Re7 33. Nc8 Re8 34. Nd6 Re7 35. Nc8 Re8 36. Nd6 Rxe6 37. Rxe6 d3 38. Re1
d2 39. Rd1 Bc3 40. Ne4 {Black resigns} 1-0

[Event "ICC tourney 2754 (45 5)"]
[Site "Internet Chess Club"]
[Date "2021.12.04"]
[Round "5"]
[White "Turcotte, Jonathan:JonnyTurgi"]
[Black "YAN, RUIYANG:jy2020"]
[Result "0-1"]
[ICCResult "White resigns"]
[WhiteElo "2000"]
[BlackElo "2151"]
[Opening "QGD: Ragozin variation"]
[ECO "D38"]
[NIC "NI.27"]
[Time "20:00:20"]
[PlyCount "72"]
[TimeControl "2700+5"]

1. d4 Nf6 2. c4 e6 3. Nf3 d5 4. Nc3 Bb4 5. cxd5 exd5 6. Bg5 h6 7. Bxf6 Qxf6
8. Qa4+ Nc6 9. Rc1 O-O 10. e3 Be6 11. Be2 a6 12. O-O Bd6 13. a3 Ne7 14. b4
g5 15. Rfd1 Qg7 16. Qb3 c6 17. Na4 Rae8 18. Nc5 Bc8 19. a4 f5 20. b5 axb5
21. axb5 g4 22. Nh4 f4 23. e4 f3 24. Bf1 Bf4 25. Rc2 Bg5 26. g3 Bxh4 27.
gxh4 Kh8 28. bxc6 bxc6 29. exd5 Nxd5 30. Ra2 Nf4 31. Qb2 Re2 32. Bxe2 fxe2
33. Re1 Nh3+ 34. Kh1 g3 35. hxg3 Nxf2+ 36. Kh2 Qg4 {White resigns} 0-1

[Event "ICC tourney 2754 (45 5)"]
[Site "Internet Chess Club"]
[Date "2021.12.04"]
[Round "5"]
[White "WU, JAYDEN:SparkyNinja"]
[Black "NATHAN, NITISH SG:K06-15494283"]
[Result "0-1"]
[ICCResult "White resigns"]
[WhiteElo "1718"]
[BlackElo "1854"]
[Opening "Sicilian: closed, 6.f4"]
[ECO "B25"]
[NIC "SI.45"]
[Time "20:00:33"]
[PlyCount "70"]
[TimeControl "2700+5"]

1. e4 c5 2. Nc3 Nc6 3. g3 g6 4. Bg2 Bg7 5. d3 d6 6. f4 e6 7. Nf3 Nge7 8. O-O
O-O 9. Nh4 Nd4 10. Be3 Bd7 11. h3 Rb8 12. Rb1 b5 13. Ne2 Nec6 14. c3 Nxe2+
15. Qxe2 b4 16. Rbc1 Qa5 17. f5 bxc3 18. f6 Rxb2 19. Qg4 Bh8 20. Bh6 Ne5 21.
Qg5 Rfb8 22. Bg7 Bxg7 23. fxg7 Kxg7 24. Qf6+ Kg8 25. Nf3 Nxf3+ 26. Rxf3 Rf8
27. h4 Qxa2 28. Bh1 Rb1 29. Rcf1 Rxf1+ 30. Rxf1 Qd2 31. h5 c2 32. hxg6 hxg6
33. Qf4 Qxf4 34. gxf4 Rb8 35. Rc1 Rb1 {White resigns} 0-1

[Event "ICC tourney 2754 (45 5)"]
[Site "Internet Chess Club"]
[Date "2021.12.04"]
[Round "5"]
[White "Meng, Joshua:jmichess"]
[Black "LI, IRIS:irisl"]
[Result "1-0"]
[ICCResult "Black resigns"]
[WhiteElo "1707"]
[BlackElo "1812"]
[Opening "Giuoco Piano"]
[ECO "C54"]
[NIC "IG.02"]
[Time "20:00:13"]
[PlyCount "83"]
[TimeControl "2700+5"]

1. e4 e5 2. Nf3 Nc6 3. Bc4 Bc5 4. c3 Nf6 5. d3 d6 6. O-O a6 7. Bb3 Ba7 8.
Re1 Ng4 9. Re2 Na5 10. Bc2 O-O 11. h3 f5 12. hxg4 fxg4 13. Ng5 Kh8 14. b4
Nc6 15. Bb3 Qf6 16. Nf7+ Rxf7 17. Bxf7 Qxf7 18. Be3 g3 19. Bxa7 Nxa7 20. Rd2
Be6 21. fxg3 Rf8 22. Qe1 Qh5 23. Na3 Rf6 24. Rf2 Rh6 25. Rf3 d5 26. Kf2 Kg8
27. Qe3 Bg4 28. Qxa7 Bxf3 29. Qb8+ Kf7 30. Qxc7+ Kf8 31. Qc5+ Ke8 32. Qc8+
Kf7 33. Qxb7+ Kf8 34. Qc8+ Kf7 35. Qd7+ Kf8 36. Qd8+ Kf7 37. Qxd5+ Kf8 38.
gxf3 Qg5 39. Qa8+ Kf7 40. Qb7+ Kf8 41. Qc8+ Kf7 42. Qf5+ {Black resigns} 1-0

[Event "ICC tourney 2754 (45 5)"]
[Site "Internet Chess Club"]
[Date "2021.12.04"]
[Round "5"]
[White "Guo, Anni:movingkid"]
[Black "ZHANG, RAYMOND TANGNING:DankMemer"]
[Result "1/2-1/2"]
[ICCResult "Game drawn by mutual agreement"]
[WhiteElo "1840"]
[BlackElo "1636"]
[Opening "French: Winawer (Nimzovich) variation"]
[ECO "C15"]
[NIC "FR.08"]
[Time "20:01:03"]
[PlyCount "46"]
[TimeControl "2700+5"]

1. e4 e6 2. d4 d5 3. Nc3 Bb4 4. exd5 exd5 5. Nf3 Nf6 6. Bd3 Bg4 7. O-O O-O
8. h3 Bh5 9. Bg5 c6 10. a3 Bxc3 11. bxc3 Nbd7 12. Bf5 Qa5 13. Qd3 Bg6 14.
Bxg6 hxg6 15. c4 Rfe8 16. Rab1 b6 17. cxd5 cxd5 18. Rb4 Rac8 19. Rfb1 Ne4
20. Bd2 Nxd2 21. Nxd2 Rc7 22. Ra1 Nb8 23. Nf3 Nc6
{Game drawn by mutual agreement}
1/2-1/2

[Event "ICC tourney 2754 (45 5)"]
[Site "Internet Chess Club"]
[Date "2021.12.04"]
[Round "5"]
[White "FILIPOVICH, DAVID MICHAEL:dmfcan"]
[Black "JIANG, JASON:JasonJiang10"]
[Result "1-0"]
[ICCResult "Black resigns"]
[WhiteElo "2050"]
[BlackElo "1754"]
[Opening "Neo-Grünfeld, 6.O-O, main line"]
[ECO "D79"]
[NIC "GI.02"]
[Time "20:01:28"]
[PlyCount "69"]
[TimeControl "2700+5"]

1. Nf3 Nf6 2. g3 g6 3. Bg2 Bg7 4. O-O d5 5. d4 O-O 6. c4 c6 7. cxd5 cxd5 8.
Nc3 Bd7 9. Qb3 Bc6 10. Ne5 e6 11. Bg5 Qb6 12. e3 Qxb3 13. axb3 h6 14. Bxf6
Bxf6 15. b4 Rc8 16. Rfc1 Bxe5 17. dxe5 Be8 18. Nxd5 Rxc1+ 19. Rxc1 Nc6 20.
Nc7 Rc8 21. Nxe8 Rxe8 22. Bxc6 bxc6 23. Rxc6 Rb8 24. Rc4 Rb5 25. f4 Rd5 26.
Rd4 Rb5 27. Kf1 Kg7 28. Ke2 a5 29. bxa5 Rxb2+ 30. Rd2 Rb1 31. Ra2 Rh1 32.
Kd3 Rd1+ 33. Ke4 f5+ 34. exf6+ Kxf6 35. a6 {Black resigns} 1-0

[Event "ICC tourney 2754 (45 5)"]
[Site "Internet Chess Club"]
[Date "2021.12.04"]
[Round "5"]
[White "HEBDEN, MARK L:mhebden"]
[Black "HU, ALEXANDER C:ahu1015"]
[Result "1-0"]
[ICCResult "Black resigns"]
[WhiteElo "2505"]
[BlackElo "2009"]
[Opening "Neo-Grünfeld, 6.O-O"]
[ECO "D77"]
[NIC "GI.02"]
[Time "20:00:16"]
[PlyCount "61"]
[TimeControl "2700+5"]

1. d4 Nf6 2. Nf3 g6 3. g3 Bg7 4. Bg2 O-O 5. O-O d5 6. c4 dxc4 7. Na3 c3 8.
bxc3 c5 9. Bb2 Nc6 10. Re1 Qb6 11. Nc4 Qb5 12. Nfd2 Rd8 13. a4 Qa6 14. e3
Be6 15. Bf1 Na5 16. Nxa5 Qxa5 17. Ba3 cxd4 18. cxd4 Nd5 19. Nc4 Qc7 20. Rc1
Rac8 21. Qd2 Qd7 22. e4 Nb6 23. Nxb6 axb6 24. Rxc8 Rxc8 25. Rd1 Qxa4 26.
Bxe7 Rc2 27. Qf4 Bxd4 28. e5 Rc4 29. Qh6 Bxf2+ 30. Kxf2 Rc2+ 31. Kg1
{Black resigns}
1-0

[Event "ICC tourney 2754 (45 5)"]
[Site "Internet Chess Club"]
[Date "2021.12.04"]
[Round "5"]
[White "ALEKSANDROV, ALEKSEJ:Aleksandrov73"]
[Black "Belous, Vladimir:Openyagami"]
[Result "1/2-1/2"]
[ICCResult "Game drawn by repetition"]
[WhiteElo "2584"]
[BlackElo "2572"]
[Opening "English: symmetrical variation"]
[ECO "A30"]
[NIC "EO.64"]
[Time "20:00:16"]
[PlyCount "166"]
[TimeControl "2700+5"]

1. c4 c5 2. e3 Nf6 3. Nf3 g6 4. d4 cxd4 5. exd4 Bg7 6. Nc3 O-O 7. Bg5 h6 8.
Be3 d5 9. h3 Nc6 10. Be2 dxc4 11. Bxc4 Bf5 12. O-O Ne4 13. Rc1 Nxc3 14. bxc3
Rc8 15. Be2 Na5 16. c4 Be4 17. Nd2 Bf5 18. Nb3 Nxb3 19. axb3 a6 20. b4 Qb6
21. Qd2 Rfd8 22. d5 Qd6 23. Rfd1 g5 24. c5 Qg6 25. Bc4 g4 26. hxg4 Bxg4 27.
Be2 Bxe2 28. Qxe2 Qf5 29. Qc4 Rd7 30. Rd2 h5 31. Rcd1 Qg4 32. Qxg4 hxg4 33.
Rd3 f5 34. Kf1 Kf7 35. Ke2 Be5 36. g3 Rcd8 37. Bg5 Kg6 38. Bh4 Bf6 39. Bxf6
Kxf6 40. f3 gxf3+ 41. Kxf3 Rc8 42. Ke3 a5 43. Kd4 axb4 44. Kc4 Rdc7 45. c6
bxc6 46. d6 exd6 47. Rxd6+ Kg5 48. Kxb4 c5+ 49. Kc4 Rb8 50. Rf1 Rb4+ 51. Kc3
Rf7 52. Rd5 Ra4 53. Kb3 Rg4 54. Rf3 Rb4+ 55. Kc3 Kg4 56. Rfd3 Rfb7 57. Rxc5
Rb3+ 58. Kd2 Rxd3+ 59. Kxd3 Rf7 60. Ke2 Kxg3 61. Kf1 f4 62. Rc3+ Kg4 63. Kf2
Ra7 64. Rb3 Rh7 65. Kg2 Rc7 66. Kf2 Rc2+ 67. Kf1 Kf5 68. Ra3 Ke4 69. Ra4+
Kf3 70. Ra3+ Kg4 71. Rb3 Ra2 72. Rc3 Ra1+ 73. Kf2 Ra8 74. Kf1 Ra4 75. Rb3
Rc4 76. Kf2 Rc2+ 77. Kf1 Rc4 78. Kf2 Rc2+ 79. Kf1 Rc4 80. Kf2 Rc2+ 81. Kf1
Rc4 82. Kf2 Rc2+ 83. Kf1 Rc4 {Game drawn by repetition} 1/2-1/2

[Event "ICC tourney 2754 (45 5)"]
[Site "Internet Chess Club"]
[Date "2021.12.04"]
[Round "5"]
[White "SHEEHAN, ETHAN THOMAS:Chessking2008"]
[Black "MATINIAN, NIKITA:gannikus1992"]
[Result "0-1"]
[ICCResult "White checkmated"]
[WhiteElo "2194"]
[BlackElo "2504"]
[Opening "King's Indian: fianchetto, lesser Simagin (Spassky) variation"]
[ECO "E62"]
[NIC "KI.72"]
[Time "20:00:44"]
[PlyCount "158"]
[TimeControl "2700+5"]

1. Nf3 Nf6 2. g3 g6 3. Bg2 Bg7 4. O-O O-O 5. c4 d6 6. d4 Nc6 7. Nc3 Bf5 8.
Nh4 Bd7 9. e4 e5 10. d5 Nd4 11. Nf3 Bg4 12. Be3 Re8 13. Kh1 c5 14. dxc6 bxc6
15. h3 Bh5 16. Bxd4 exd4 17. Ne2 Bxf3 18. Bxf3 Nxe4 19. Nf4 f5 20. Qc2 Qa5
21. Kg2 Rab8 22. Rfe1 d5 23. Nd3 Bh6 24. a3 Qd2 25. Re2 Qxc2 26. Rxc2 Rb3
27. Rd1 Reb8 28. cxd5 cxd5 29. Nb4 a5 30. Nxd5 Bg7 31. Ne7+ Kf7 32. Nc6 Rxb2
33. Nxd4 Bxd4 34. Bxe4 fxe4 35. Rc7+ Ke6 36. Rxd4 Rf8 37. Rxe4+ Kd6 38. Rc1
Rfxf2+ 39. Kg1 Rg2+ 40. Kf1 Rxg3 41. Rd1+ Kc6 42. Re6+ Kc5 43. Re5+ Kb6 44.
Re6+ Kb5 45. Re7 Ka4 46. Rxh7 Kxa3 47. Ra7 Rg5 48. h4 Rf5+ 49. Kg1 Ka2 50.
Rd4 Rc5 51. Rf4 Rc1+ 52. Rf1 Rxf1+ 53. Kxf1 Rb5 54. Ra6 Kb3 55. Rxg6 a4 56.
Rg3+ Kb2 57. Rg2+ Kb1 58. Rg3 Rb3 59. Rg5 a3 60. Kg2 a2 61. Ra5 a1=Q 62.
Rxa1+ Kxa1 63. h5 Kb2 64. h6 Rb6 65. h7 Rh6 66. Kg3 Rxh7 67. Kg4 Kc3 68. Kg5
Kd4 69. Kg6 Re7 70. Kf6 Re5 71. Kg6 Ke4 72. Kf6 Kf4 73. Kg6 Re6+ 74. Kf7 Kf5
75. Kg7 Re7+ 76. Kf8 Kf6 77. Kg8 Ra7 78. Kh8 Kg6 79. Kg8 Ra8# {White
checkmated} 0-1

[Event "ICC tourney 2754 (45 5)"]
[Site "Internet Chess Club"]
[Date "2021.12.04"]
[Round "5"]
[White "LIN, BENJAMIN GU:bgl2011"]
[Black "CHENG, Claire:Clairehouses"]
[Result "1-0"]
[ICCResult "Black checkmated"]
[WhiteElo "1669"]
[BlackElo "1833"]
[Opening "Sicilian: Najdorf, Opocensky variation"]
[ECO "B92"]
[NIC "SI.10"]
[Time "20:00:15"]
[PlyCount "107"]
[TimeControl "2700+5"]

1. e4 c5 2. Nf3 d6 3. d4 cxd4 4. Nxd4 Nf6 5. Nc3 a6 6. Be2 e5 7. Nb3 Be6 8.
O-O Be7 9. Be3 O-O 10. f3 Nbd7 11. Qd2 b5 12. Nd5 Bxd5 13. exd5 Nb6 14. Bxb6
Qxb6+ 15. Kh1 Rfc8 16. c3 Rc7 17. Rac1 Rac8 18. Rfd1 h6 19. Rc2 a5 20. Nc1
Rc5 21. Qe3 Qb7 22. Rcd2 Nxd5 23. Qe4 f5 24. Qxf5 Ne3 25. Qe6+ Kh8 26. Re1
Rf8 27. Bd3 Rf6 28. Qh3 Nc4 29. Rde2 a4 30. Qh5 Qd7 31. Bg6 Qe6 32. Bb1 Na5
33. Nd3 Rd5 34. Nf2 Rf4 35. Ng4 Bg5 36. h4 Bd8 37. Bg6 Bxh4 38. Qxh4 Qxg6
39. Qd8+ Kh7 40. Qxa5 e4 41. Rxe4 Rxe4 42. Rxe4 Rd1+ 43. Kh2 Qh5+ 44. Kg3
Rh1 45. Nf6+ gxf6 46. Qc7+ Kh8 47. Qd8+ Kg7 48. Qd7+ Kf8 49. Qxd6+ Kf7 50.
Re7+ Kg6 51. Qd3+ f5 52. Qd6+ Kg5 53. Rg7+ Qg6 54. Qxg6# {Black checkmated}
1-0

[Event "ICC tourney 2754 (45 5)"]
[Site "Internet Chess Club"]
[Date "2021.12.04"]
[Round "5"]
[White "HO, CARTER:corviknight"]
[Black "Bian, Erin:funpawn"]
[Result "0-1"]
[ICCResult "White resigns"]
[WhiteElo "1978"]
[BlackElo "1802"]
[Opening "Giuoco Piano"]
[ECO "C50"]
[NIC "IG.02"]
[Time "20:00:22"]
[PlyCount "74"]
[TimeControl "2700+5"]

1. e4 e5 2. Nf3 Nc6 3. Bc4 Bc5 4. O-O Nf6 5. d3 O-O 6. h3 d6 7. c3 Ne7 8.
Nbd2 Ng6 9. Re1 c6 10. Bb3 Bb6 11. Nf1 Re8 12. Ng3 h6 13. d4 Bc7 14. Bc2 Be6
15. b3 a5 16. Bb2 b5 17. Qd2 a4 18. bxa4 bxa4 19. Ba3 Nf4 20. Rad1 Qd7 21.
dxe5 dxe5 22. Qe3 Qc8 23. Nh4 g6 24. Ne2 N6h5 25. Bd6 Nxe2+ 26. Rxe2 Nf4 27.
Red2 Bxd6 28. Rxd6 Bxa2 29. Qb6 Rb8 30. Qxc6 Qxc6 31. Rxc6 Bb3 32. Bxb3 axb3
33. Rb1 b2 34. Nf3 Rb5 35. c4 Rb4 36. c5 Ne2+ 37. Kf1 Nc3 {White resigns}
0-1

[Event "ICC tourney 2754 (45 5)"]
[Site "Internet Chess Club"]
[Date "2021.12.04"]
[Round "5"]
[White "HO, COOPER:arsenicblast"]
[Black "Vittal, Sanjana:MCTS13"]
[Result "1/2-1/2"]
[ICCResult "Game drawn by mutual agreement"]
[WhiteElo "1852"]
[BlackElo "2005"]
[Opening "Two knights defense (Modern bishop's opening)"]
[ECO "C55"]
[NIC "IG.01"]
[Time "20:00:39"]
[PlyCount "109"]
[TimeControl "2700+5"]

1. e4 e5 2. Nf3 Nc6 3. Bc4 Nf6 4. d3 Be7 5. O-O O-O 6. Nbd2 d6 7. Re1 Kh8 8.
Nf1 Ng8 9. Ng3 g6 10. d4 exd4 11. Nxd4 Nxd4 12. Qxd4+ Bf6 13. Qd3 Be6 14. c3
Bg7 15. Be3 Nf6 16. Bd4 Bxc4 17. Qxc4 Nd7 18. Rad1 Ne5 19. Qe2 Qh4 20. Nf1
Rae8 21. Nd2 Kg8 22. Nf3 Nxf3+ 23. Qxf3 Be5 24. Bxe5 Rxe5 25. g3 Qe7 26. Rd4
f5 27. Qd3 Qf7 28. Qc4 Rfe8 29. Qxf7+ Kxf7 30. f3 d5 31. Kf2 Kf6 32. Rxd5
Rxd5 33. exd5 Rxe1 34. Kxe1 b5 35. Ke2 Ke5 36. Ke3 g5 37. f4+ gxf4+ 38.
gxf4+ Kxd5 39. Kd3 Kc5 40. Ke3 Kc4 41. Kd2 a5 42. b3+ Kc5 43. Kd3 Kd5 44.
c4+ bxc4+ 45. bxc4+ Kc5 46. a3 Kd6 47. Kd4 c5+ 48. Kd3 a4 49. Ke3 Ke6 50. h3
Kf6 51. Kf3 Kg6 52. Kg3 Kh5 53. h4 Kg6 54. Kh3 Kh5 55. Kg3
{Game drawn by mutual agreement}
1/2-1/2

[Event "ICC tourney 2754 (45 5)"]
[Site "Internet Chess Club"]
[Date "2021.12.04"]
[Round "5"]
[White "LIN, LEO FANYUE:Leolix"]
[Black "SHAWKAT, SAIF:saif-shawkat"]
[Result "0-1"]
[ICCResult "White resigns"]
[WhiteElo "1850"]
[BlackElo "1976"]
[Opening "Sicilian: closed, 2...Nc6"]
[ECO "B23"]
[NIC "SI.44"]
[Time "20:00:45"]
[PlyCount "296"]
[TimeControl "2700+5"]

1. e4 c5 2. Nc3 Nc6 3. Bb5 Nd4 4. Bc4 Nf6 5. e5 d5 6. Bb3 Nxb3 7. axb3 Nd7
8. Nf3 Nb8 9. d4 Bg4 10. Be3 cxd4 11. Qxd4 Bxf3 12. gxf3 e6 13. Rxa7 Nc6 14.
Rxa8 Qxa8 15. Qa4 Qxa4 16. Nxa4 Nxe5 17. Ke2 Bd6 18. Nb6 Nc6 19. Rg1 Bxh2
20. Rxg7 Be5 21. Rg4 Bxb2 22. Bc5 f5 23. Rh4 h5 24. f4 Bf6 25. Rh3 Kf7 26.
b4 Bd4 27. Bxd4 Nxd4+ 28. Kd3 Nb5 29. Nd7 Nd6 30. Ne5+ Kf6 31. f3 h4 32. Kd4
Nf7 33. Nd7+ Ke7 34. Nc5 Nd8 35. b5 Kd6 36. Nd3 Nf7 37. Nc5 b6 38. Nd3 Rc8
39. Ne5 Nxe5 40. fxe5+ Ke7 41. Ke3 Rc4 42. Rh2 Kf7 43. f4 Re4+ 44. Kf3 Rb4
45. Rxh4 Rxb5 46. Rh7+ Kf8 47. Ke3 Rc5 48. Rh6 Kf7 49. Rh7+ Kg6 50. Re7 Rc6
51. Re8 Kf7 52. Rb8 Ke7 53. Rb7+ Kd8 54. Kd3 Kc8 55. Re7 Kd8 56. Rb7 Ke8 57.
c3 Kd8 58. Kd2 Kc8 59. Re7 b5 60. Kd3 Kb8 61. Kd2 Rb6 62. Ke3 Kc8 63. Kd3
Kd8 64. Rh7 Kc8 65. Re7 Kd8 66. Rh7 b4 67. cxb4 Rxb4 68. Ke3 Rc4 69. Rg7 Rc7
70. Rg8+ Kd7 71. Rg7+ Kc6 72. Rg6 Re7 73. Kd4 Kb5 74. Rh6 Kc6 75. Rg6 Kd7
76. Rg1 Ke8 77. Rh1 Kf8 78. Rh6 Kf7 79. Rh7+ Ke8 80. Rh1 Rc7 81. Rh8+ Kd7
82. Rh7+ Kc8 83. Rh8+ Kb7 84. Re8 Rc4+ 85. Ke3 Rc6 86. Kd4 Kb6 87. Rb8+ Kc7
88. Re8 Kd7 89. Rh8 Rc4+ 90. Ke3 Re4+ 91. Kf3 d4 92. Rh7+ Kc6 93. Ra7 Re3+
94. Kf2 Kd5 95. Ra6 Ke4 96. Rxe6 Kxf4 97. Re8 Rxe5 98. Rd8 Re4 99. Rd5 Kg4
100. Rd8 Rf4+ 101. Kg2 Re4 102. Kf2 Kg5 103. Rd6 Rf4+ 104. Kg3 Rg4+ 105. Kf3
Rf4+ 106. Kg3 Re4 107. Kf3 Re3+ 108. Kf2 Rd3 109. Ke2 Re3+ 110. Kf2 Re4 111.
Kf3 Rf4+ 112. Kg3 Rg4+ 113. Kf3 Rh4 114. Kg3 f4+ 115. Kg2 Kf5 116. Kf3 Rh3+
117. Ke2 Re3+ 118. Kf2 Ke4 119. Ra6 Rb3 120. Ke2 Rb2+ 121. Ke1 Ke3 122. Re6+
Kf3 123. Re8 d3 124. Rd8 Re2+ 125. Kd1 Ke3 126. Re8+ Kf2 127. Rd8 d2 128.
Rh8 f3 129. Rf8 Kg2 130. Rg8+ Kf1 131. Rh8 Kf2 132. Rg8 Re7 133. Kxd2 Rd7+
134. Kc2 Ke2 135. Re8+ Kf1 136. Rf8 f2 137. Rf6 Rd5 138. Kc3 Kg2 139. Rg6+
Kf3 140. Rf6+ Kg3 141. Kc2 Rd4 142. Rg6+ Kf3 143. Kc3 Rf4 144. Rh6 f1=Q 145.
Rd6 Qa1+ 146. Kb3 Qb1+ 147. Kc3 Qb4+ 148. Kc2 Rc4+ {White resigns} 0-1